 Dungeon Crawl Stone Soup version 0.30-a0-578-gdee14c521f (webtiles) character file.

Game seed: 11194757070580207067

1586805 freelancePsychic the Worldbinder (level 26, 253/288 HPs)
             Began as a Demonspawn Wanderer on Dec 31, 2022.
             Was the Champion of Ashenzari.
             Escaped with the Orb
             ... and 3 runes on Jan 1, 2023!
             The game lasted 03:14:48 (76764 turns).

freelancePsychic the Worldbinder (DsWn)            Turns: 76764, Time: 03:14:49

Health: 253/288    AC: 22    Str: 12    XL:     26   Next: 29%
Magic:  45/45      EV: 28    Int: 28    God:    Ashenzari [******]
Gold:   5919       SH: 20    Dex: 23    Spells: 13/61 levels left

rFire   + + +      SeeInvis +    W - +5 short sword of Ashenzari's Burden {spect, rElec rF+, Bglg, Evo} (curse)
rCold   + . .      Faith    .    H - +3 kite shield of the Ruined Ether {AC+3, Cun, Elem} (curse)
rNeg    . . .      Spirit   .    A - +2 leather armour of Ashenzari's Repose {rC+ rF+, Bglg, Self} (curse)
rPois   .          Reflect  .    (helmet unavailable)
rElec   +          Harm     .    c - +2 cloak of Ashenzari's Pantheism {Stlth+, Comp, Elem} (curse)
rCorr   .          Rampage  .    Q - +1 pair of gloves "Vision of Ashenzari" {Self, Bglg} (curse)
Will    ++...      Clarity  +    g - +1 pair of boots "At What Cost Knowledge?" {Elem, Bglg} (curse)
Stlth   +++        Rnd*Tele +    O - amulet of the Unyielding Gaze {RegenMP, Alch, Melee} (curse)
HPRegen 0.68/turn                y - ring of Star-Bound Wisdom {AC+4, Comp, Bglg} (curse)
MPRegen 0.69/turn                a - ring of Ashenzari's Failure {Int+6, Comp, Bglg} (curse)

@: studying Transmutations
A: antennae 3, thin skeletal structure 3, powered by pain 3, robust 3, demonic
magic 3, fire resistance 1, strong-willed 1, shaggy fur 1, teleportitis 1
0: Orb of Zot
}: 3/15 runes: decaying, serpentine, abyssal
a: Renounce Religion, Shatter the Chains


You escaped.
You worshipped Ashenzari.
Ashenzari was exalted by your worship.
You visited 12 branches of the dungeon, and saw 51 of its levels.
You visited the Abyss 2 times.
You also visited: Sewer, Ossuary and Ice Cave.

You collected 8238 gold pieces.
You spent 2319 gold pieces at shops.

Inventory:

Hand Weapons
 W - the cursed +5 short sword of Ashenzari's Burden (weapon) {spect, rElec rF+, Bglg, Evo}
   (You bought it in a shop on level 10 of the Dungeon)

   When its wielder attacks, the weapon's spirit leaps out and strikes again.
   The spirit shares a part of any damage it takes with its wielder.
   rF:        It protects you from fire.
   rElec:     It insulates you from electricity.
   It has a curse which improves the following skills: Beguiling: Conjurations,
   Hexes and Translocations.
   Evocations: Evocations.
Missiles
 T - 2 throwing nets
Armour
 c - the cursed +2 cloak of Ashenzari's Pantheism (worn) {Stlth+, Comp, Elem}
   (You found it on level 13 of the Dungeon)

   It has a curse which improves the following skills: Companions: Summonings
   and Necromancy.
   Elements:  Fire Magic, Ice Magic, Air Magic and Earth Magic.
 g - the cursed +1 pair of boots "At What Cost Knowledge?" (worn) {Elem, Bglg}
   (You found it on level 12 of the Dungeon)

   It has a curse which improves the following skills: Elements: Fire Magic, Ice
   Magic, Air Magic and Earth Magic.
   Beguiling: Conjurations, Hexes and Translocations.
 k - +0 swamp dragon scales
 A - the cursed +2 leather armour of Ashenzari's Repose (worn) {rC+ rF+, Bglg, Self}
   (You took it off a necromancer in an ice cave)

   It has a curse which improves the following skills: Beguiling: Conjurations,
   Hexes and Translocations.
   Introspection: Fighting and Spellcasting.
 H - the cursed +3 kite shield of the Ruined Ether (worn) {AC+3, Cun, Elem}
   (You took it off a naga warrior on level 3 of the Snake Pit)

   It has a curse which improves the following skills: Cunning: Dodging and
   Stealth.
   Elements:  Fire Magic, Ice Magic, Air Magic and Earth Magic.
 J - a +0 troll leather armour
 Q - the cursed +1 pair of gloves "Vision of Ashenzari" (worn) {Self, Bglg}
   (You found it on level 10 of the Dungeon)

   It has a curse which improves the following skills: Introspection: Fighting
   and Spellcasting.
   Beguiling: Conjurations, Hexes and Translocations.
Magical Staves
 F - a staff of air
Jewellery
 a - the cursed ring of Ashenzari's Failure (right hand) {Int+6, Comp, Bglg}
   (You took it off a naga on level 1 of the Snake Pit)

   [ring of intelligence]

   Int:       It affects your intelligence (+6).
   It has a curse which improves the following skills: Companions: Summonings
   and Necromancy.
   Beguiling: Conjurations, Hexes and Translocations.
 f - the ring of Meongad {rF+ rN+ rCorr MP+9 SInv}
   (You took it off a necromancer in an ice cave)

   [ring of positive energy]

   rF:        It protects you from fire.
   rN:        It protects you from negative energy.
   MP:        It affects your magic capacity (+9).
   SInv:      It lets you see invisible.
   rCorr:     It protects you from acid and corrosion.
 y - the cursed ring of Star-Bound Wisdom (left hand) {AC+4, Comp, Bglg}
   (You found it on level 5 of the Dungeon)

   [ring of protection]

   AC:        It affects your AC (+4).
   It has a curse which improves the following skills: Companions: Summonings
   and Necromancy.
   Beguiling: Conjurations, Hexes and Translocations.
 O - the cursed amulet of the Unyielding Gaze (around neck) {RegenMP, Alch, Melee}
   (You found it on level 8 of the Dungeon)

   [amulet of magic regeneration]

   It increases your rate of magic regeneration.
   It has a curse which improves the following skills: Alchemy: Poison Magic and
   Transmutations.
   Melee Combat: Short Blades, Long Blades, Axes, Maces & Flails, Polearms,
   Staves and Unarmed Combat.
 X - a ring of protection from cold
 Y - an amulet of regeneration
 Z - a ring of fire
Wands
 v - a wand of roots (93)
 D - a wand of flame (140)
 I - a wand of polymorph (34)
 P - a wand of paralysis (45)
 R - a wand of mindburst (25)
 S - a wand of digging (19)
 V - a wand of light (13)
Scrolls
 d - 5 scrolls of enchant armour
 e - 5 scrolls of silence
 h - 15 scrolls of teleportation {@r4}
 i - 16 scrolls of noise
 m - 2 scrolls of torment
 n - 7 scrolls of fog
 p - 10 scrolls of fear
 B - 4 scrolls of blinking
 C - 7 scrolls of magic mapping
 G - 2 scrolls of butterflies
 K - a scroll of amnesia
 L - 9 scrolls of poison
 M - 7 scrolls of immolation
Potions
 b - 10 potions of haste {@q3}
 j - 7 potions of lignification
 l - 7 potions of cancellation
 o - 16 potions of attraction
 q - 2 potions of heal wounds {@q2}
 r - a potion of ambrosia
 s - 20 potions of flight
 t - 6 potions of magic
 u - 7 potions of brilliance
 w - 3 potions of resistance
 x - 3 potions of mutation
 z - 9 potions of might
 E - 16 potions of curing {@q1}
 N - 2 potions of berserk rage
 U - a potion of invisibility


   Skills:
 - Level 17.3(21.1) Fighting
 - Level 7.6(10.3) Short Blades
 - Level 1.7(3.6) Maces & Flails
 - Level 10.6 Armour
 - Level 17.5(20.0) Dodging
 - Level 10.0(12.6) Stealth
 + Level 19.9 Shields
 - Level 14.1(18.0) Spellcasting
 - Level 14.6(22.7) Conjurations
 - Level 22.3(27) Summonings
 - Level 7.8(12.9) Necromancy
 - Level 4.8(12.0) Translocations
 - Level 4.2(6.6) Transmutations
 - Level 6.5(11.5) Ice Magic
 - Level 6.0(10.9) Air Magic
 - Level 10.0(15.1) Earth Magic


You had 13 spell levels left.
You knew the following spells:

 Your Spells              Type           Power      Damage    Failure   Level
a - Dispel Undead         Necr           78%        3d26      1%          4
b - Malign Gateway        Summ/Tloc      47%        N/A       1%          7
c - Iron Shot             Conj/Erth      46%        9d9       1%          6
d - Borgnjor's Vile Clut  Necr/Erth      40%        N/A       1%          5
e - Dragon's Call         Summ           54%        N/A       4%          9
f - Freezing Cloud        Conj/Ice/Air   41%        6-21      1%          5
h - Irradiate             Conj/Tmut      41%        3d25      1%          5
i - Spellforged Servitor  Conj/Summ      52%        N/A       1%          7

Your spell library contained the following spells:

 Spells                   Type           Power      Damage    Failure   Level
 Kiss of Death            Conj/Necr      100%       2d13      0%          1
 Necrotise                Necr           100%       1d9       0%          1
 Sandblast                Erth           100%       2d20      0%          1
 Shock                    Conj/Air       100%       1d9       0%          1
 Summon Small Mammal      Summ           100%       N/A       0%          1
 Momentum Strike          Conj/Tloc      100%       3d10      0%          2
 Call Canine Familiar     Summ           100%       N/A       0%          3
 Hailstorm                Conj/Ice       88%        3d18      0%          3
 Stone Arrow              Conj/Erth      100%       3d13      0%          3
 Animate Armour           Summ/Erth      100%       N/A       0%          4
 Summon Lightning Spire   Summ/Air       93%        N/A       0%          4
 Iskenderun's Battlesphe  Conj           100%       2d15      0%          5
 Summon Cactus Giant      Summ           54%        N/A       0%          6
 Apportation              Tloc           100%       N/A       1%          1
 Beastly Appendage        Tmut           100%       N/A       1%          1
 Freeze                   Ice            100%       1d10      1%          1
 Blink                    Tloc           100%       N/A       1%          2
 Cigotuvi's Dreadful Rot  Necr/Pois/Air  100%       N/A       1%          2
 Passwall                 Tmut/Erth      60%        N/A       1%          2
 Poisonous Vapours        Pois/Air       100%       N/A       1%          2
 Sublimation of Blood     Necr           78%        N/A       1%          2
 Wereblood                Tmut           58%        N/A       1%          2
 Dazzling Flash           Conj/Hex       100%       N/A       1%          3
 Frozen Ramparts          Ice            100%       1d16      1%          3
 Gell's Gravitas          Tloc           75%        N/A       1%          3
 Lesser Beckoning         Tloc           100%       N/A       1%          3
 Mephitic Cloud           Conj/Pois/Air  73%        N/A       1%          3
 Portal Projectile        Hex/Tloc       100%       N/A       1%          3
 Spider Form              Tmut/Pois      44%        N/A       1%          3
 Summon Guardian Golem    Hex/Summ       81%        N/A       1%          3
 Swiftness                Air            72%        N/A       1%          3
 Teleport Other           Tloc           75%        N/A       1%          3
 Airstrike                Air            36%        2d(6-22)  1%          4
 Anguish                  Hex/Necr       29%        N/A       1%          4
 Animate Dead             Necr           78%        N/A       1%          4
 Flame Wave               Conj/Fire      74%        2d16      1%          4
 Fulminant Prism          Conj/Hex       37%        3d18      1%          4
 Ice Form                 Ice/Tmut       66%        N/A       1%          4
 Iskenderun's Mystic Bla  Conj/Tloc      89%        2d17      1%          4
 Leda's Liquefaction      Hex/Erth       31%        N/A       1%          4
 Manifold Assault         Tloc           75%        N/A       1%          4
 Sticky Flame             Conj/Fire      74%        2d9       1%          4
 Fireball                 Conj/Fire      37%        3d15      1%          5
 Summon Forest            Summ/Tloc      47%        N/A       1%          5
 Summon Mana Viper        Hex/Summ       81%        N/A       1%          5
 Conjure Ball Lightning   Conj/Air       44%        3x3d15    1%          6
 Haunt                    Necr/Summ      47%        N/A       1%          7
 Orb of Destruction       Conj           50%        9d13      1%          7
 Summon Hydra             Summ           54%        N/A       1%          7
 Summon Horrible Things   Summ           54%        N/A       1%          8
 Death Channel            Necr           39%        N/A       2%          6
 Simulacrum               Ice/Necr       38%        N/A       3%          6
 Starburst                Conj/Fire      37%        6d11      3%          6
 Confusing Touch          Hex            31%        N/A       5%          3
 Blade Hands              Tmut           29%        N/A       5%          5
 Inner Flame              Hex/Fire       30%        N/A       6%          3
 Metabolic Englaciation   Hex/Ice        28%        N/A       6%          5
 Cause Fear               Hex            15%        N/A       19%         4
 Alistair's Intoxication  Tmut/Pois      29%        N/A       19%         5
 Storm Form               Tmut/Air       32%        N/A       56%         7
 Infestation              Necr           39%        N/A       67%         8
 Disjunction              Tloc           37%        N/A       80%         8
 Dragon Form              Tmut           29%        N/A       85%         7
 Maxwell's Capacitive Co  Air            36%        ∞         91%         8
 Chain Lightning          Conj/Air       44%        3d58      96%         9
 Shatter                  Erth           41%        3d32*     99%         9
 Enfeeble                 Hex            15%        N/A       100%        7
 Discord                  Hex            15%        N/A       100%        8
 Fire Storm               Conj/Fire      37%        8d9       100%        9
 Polar Vortex             Ice            37%        N/A       100%        9


Dungeon Overview and Level Annotations

Branches:
Dungeon (15/15)            Temple (1/1) D:5            Lair (5/5) D:9
  Swamp (4/4) Lair:2        Snake (4/4) Lair:3        Slime (0/5) Lair:5
    Orc (2/2) D:10            Elf (3/3) Orc:2        Vaults (4/5) D:14
  Crypt (3/3) Vaults:2       Tomb (0/3) Crypt:3      Depths (4/4) D:15
   Hell (visited)             Zot (5/5) Depths:4      Sewer (visited)
Ossuary (visited)           IceCv (visited)
    Dis: Hell:1         Geh: Hell:1         Coc: Hell:1         Tar: Hell:1

Altars:
Ashenzari
Cheibriados
Dithmenos
Fedhas
Gozag
Hepliaklqana
Kikubaaqudgha
Makhleb
Nemelex Xobeh
Okawaru
Qazlal
Ru
Sif Muna
Trog
Uskayaw
Vehumet
Wu Jian
Xom
Yredelemnul

Shops:
D:4 *   D:10 [(   Orc:2 ?!:[   Elf:1 (   Snake:1 !   Vaults:2 *   Depths:3 [

Portals:
Hell: Depths:1 Depths:2 Depths:3 Depths:4
Abyss: Depths:3
Pandemonium: Depths:2
Ziggurat: Depths:4

Annotations:
D:3 Sigmund
D:10 3 runed translucent doors, jfcaron's ghost, journeyman GnBr
D:13 3 runed translucent doors, exclusion: obsidian statue
Snake:4 exclusion: naga sharpshooter, Asterion
Elf:1 4 runed translucent doors
Elf:2 3 runed translucent doors
Vaults:1 exclusions: 2 sensed monsters (detected), vault sentinel and vault warden, Zenata
Depths:2 2 transporters, 1 runed translucent door
Hell Geryon; Murray
Zot:4 exclusion: 4 doors


Innate Abilities, Weirdness & Mutations

You have a pair of large antennae on your head. (SInv)
You have an unnaturally thin skeletal structure. (Dex +6, Stealth+++)
You are powered by pain.
You are extremely robust. (+30% HP)
Spells you cast and wands you use may paralyse nearby enemies.
Your flesh is heat resistant. (rF+)
You are strong-willed. (Will+)
You are covered in fur. (AC +1)
You are occasionally teleported next to monsters.


Message History

Level annotation: Sigmund
There is a stone staircase leading down here.
You sense a monster nearby.
A lich comes into view.
Blink to where?
Press: ? - help, Dir - move target
As you read the scroll of blinking, it crumbles to dust.
Sigmund shouts!
The lich moves out of view.
Sigmund points at you and mumbles some strange words.
The magic dart hits you! Sigmund casts a spell at you.
The magic dart hits you but does no damage.
Sigmund gestures at you while chanting. The puff of flame misses you.
Sigmund points at you and mumbles some strange words.
The magic dart hits you but does no damage.
There is a stone staircase leading up here.
You climb upwards.
There is a stone staircase leading down here.
(D) Dungeon (T) Temple (L) Lair (S) Swamp (P) Snake Pit (M) Slime Pits (O) Orcish Mines (E) Elven Halls (V) Vaults (C) Crypt (W) Tomb (U) Depths (H) Hell (Z) Zot
Where to? (Enter - D:1 @ (x,y), ? - help)
There is an open door here.
You sense a monster nearby.
There is a stone staircase leading up here.
You climb upwards.
There is a stone staircase leading down here.
(D) Dungeon (T) Temple (L) Lair (S) Swamp (P) Snake Pit (M) Slime Pits (O) Orcish Mines (E) Elven Halls (V) Vaults (C) Crypt (W) Tomb (U) Depths (H) Hell (Z) Zot
Where to? (Enter - D:1 @ (x,y), ? - help)
A green death comes into view.
Blink to where?
Press: ? - help, Dir - move target
As you read the scroll of blinking, it crumbles to dust.
You have escaped!

##..#######..÷÷...÷...#........#
...>......#...........##########
..........#.8..8.8.(8.#
#.#.......#...........##### ###
.###......#...........#...# #..
## ##.....#...........###.## #.#
.###...2..#...........#....# #.#
#.#......2#...........##...# #.#
##.######.......@..........# #.#
#### #.#...........###..# #.#
#.#...........# #..# #.#
#.#...........###..# #.#
#.#...........#...)# #.#
##.#...........##.### #.#
#####..#.8..8.8..8.##.# #.#
#......#...........##.# #.#
#.###..#...÷...÷÷..##.######.#


You could see a green death.

Vanquished Creatures
  A dread lich (Zot:5)
  An orb of fire (Zot:5)
  Boris (twice) (Crypt:2 Depths:4)
  Bai Suzhen (Elf:3)
  The ghost of Viffuud the Slayer, a master GrBe of Trog (Vaults:4)
  3 caustic shrikes (Depths:4)
  The ghost of Caat Rau the Warrior, an adept DgCj (Depths:2)
  4 golden dragons
  the Enchantress (Depths:3)
  3 bone dragons
  A Tzitzimitl (Depths:2)
  2 Brimstone Fiends
  3 liches
  4 tentacled monstrosities
  A walking divine tome (Depths:3)
  3 Orb Guardians
  A titan (Vaults:2)
  2 deep elf blademasters (Elf:3)
  2 deep elf master archers (Elf:3)
  3 quicksilver dragons
  8 sphinxes
  A tentacled starspawn (Abyss:3)
  4 death cobs
  7 ancient champions
  Frances (Swamp:2)
  4 storm dragons
  2 shadow dragons
  A draconian monk (Depths:4)
  The ghost of ryw the Warrior, an adept DsMo of Cheibriados (Swamp:4)
  A thorn hunter (Swamp:4)
  An azure jelly (Swamp:4)
  4 fire giants
  3 deep elf sorcerers
  6 nagarajas (Snake:4)
  An iron dragon (Depths:2)
  7 frost giants
  3 curse skulls
  2 ghost moths
  Aizul (Snake:3)
  9 vault wardens
  A draconian scorcher (Zot:5)
  A caustic shrike zombie (Crypt:1)
  A juggernaut zombie (Crypt:2)
  A deep elf elementalist (Elf:3)
  6 ghouls
  Louise (Swamp:2)
  14 ironbound preservers
  2 juggernaut skeletons
  8 orc warlords
  A quicksilver ooze (Lair:4)
  8 vampire knights
  3 caustic shrike skeletons (Crypt:3)
  8 very ugly things
  2 spriggan defenders
  7 eleionomae
  15 stone giants
  8 deep elf demonologists
  Nessos (Orc:2)
  3 ironbound thunderhulks
  2 red draconians
  6 bunyips
  A black draconian (Zot:3)
  10 deep elf annihilators
  2 putrid mouths (Depths:2)
  3 dire elephants (Vaults:4)
  A green draconian (Zot:2)
  3 purple draconians
  4 starcursed masses (Abyss:3)
  2 white draconians
  3 spark wasps
  5 eidola
  2 crystal guardians (Vaults:4)
  9 jiangshi
  3 deep elf death magi (Elf:3)
  A merfolk javelineer (Abyss:3)
  5 entropy weavers
  A spriggan zombie (D:15)
  Josephine (D:14)
  6 great orbs of eyes
  A quicksilver dragon skeleton (Crypt:3)
  3 shambling mangroves
  6 ettins
  2 deep elf high priests (Elf:3)
  4 fire dragons
  7 vault guards
  14 yaktaur captains
  A salamander tyrant (Snake:2)
  3 rakshasas
  2 hell beasts (Depths:2)
  A peacekeeper (Vaults:4)
  5 spriggan skeletons
  A spriggan air mage (Depths:2)
  A ghost crab (Swamp:3)
  9 ice dragons
  12 hydras
  2 fenstrider witch skeletons
  5 catoblepae (Lair:5)
  A boulder beetle (Lair:2)
  14 alligators
  An ironbound frostheart (Vaults:2)
  9 anacondas
  23 dancing weapons
  23 naga warriors
  16 centaur warriors
  A death knight (Crypt:3)
  3 two-headed ogres
  3 deep troll shamans
  6 tengu warriors
  3 thrashing horrors (Abyss:3)
  6 vampire magi
  5 death yaks (Lair:5)
  A hell hog (Hell)
  4 deep troll earth magi
  19 naga sharpshooters
  8 orc high priests
  Sonja (Lair:5)
  7 shock serpents
  3 spriggan berserkers
  2 soul eaters
  Urug (D:12)
  13 deep elf knights
  8 titan skeletons
  3 iron trolls
  A sixfirhy (Depths:2)
  5 spriggan druids
  29 skeletal warriors
  7 salamander mystics
  A storm dragon skeleton (Crypt:1)
  50 deep trolls
  2 swamp dragons
  2 glowing orange brains (Vaults:4)
  3 goliath frogs
  10 bog bodies
  13 ironbound convokers
  A death drake (shapeshifter) (Depths:3)
  12 flayed ghosts
  6 wizards
  An anaconda skeleton (Crypt:3)
  18 deep elf archers
  8 lindwurms
  11 naga ritualists
  4 harpies (Vaults:2)
  5 necromancers
  7 phantasmal warriors
  A golden dragon skeleton (Crypt:3)
  24 deep elf pyromancers
  29 ugly things
  5 will-o-the-wisps
  19 deep elf zephyrmancers
  17 salamanders
  2 shadow dragon skeletons (Crypt:1)
  13 orc knights
  A frost giant zombie (D:15)
  15 mana vipers
  5 manticores
  A spectral spriggan (Swamp:4)
  12 elephants
  A moth of wrath (shapeshifter) (Vaults:4)
  A fire giant zombie (Depths:3)
  A worldbinder (Abyss:3)
  11 moths of wrath
  5 cyclopes
  2 fire giant skeletons (Depths:3)
  A stone giant skeleton (Crypt:3)
  Joseph (D:9)
  4 guardian serpents
  15 naga magi
  2 human skeletons (Vaults:1)
  An alligator snapping turtle zombie (Crypt:1)
  An apocalypse crab (Abyss:3)
  10 vault sentinels
  48 black mambas
  A frost giant skeleton (D:15)
  A hellion (Zot:2)
  An ice statue (IceCv)
  An eye of devastation (shapeshifter) (Vaults:3)
  2 dire elephant skeletons
  2 gargoyles
  An orange demon (Depths:2)
  A naga skeleton (Crypt:1)
  3 centaur skeletons
  An unseen horror zombie (Crypt:1)
  8 cane toads
  Maggie (Lair:2)
  22 yaktaurs
  9 kobold demonologists
  3 rime drakes
  A komodo dragon (shapeshifter) (Abyss:3)
  An alligator snapping turtle skeleton (Crypt:3)
  A bunyip simulacrum (Swamp:4)
  2 spark wasp simulacra (Depths:3)
  A guardian mummy (D:15)
  5 komodo dragons
  2 efreet (D:15)
  11 freezing wraiths
  A yaktaur (shapeshifter) (Elf:3)
  A catoblepas skeleton (Crypt:1)
  16 ice devils
  A purple draconian skeleton (Crypt:3)
  3 ancient zymes (Abyss:3)
  A hellwing (Depths:2)
  21 hornets
  9 tyrant leeches
  4 trolls
  A bloated husk (Swamp:2)
  A tengu simulacrum (Depths:3)
  A queen bee (D:11)
  A polar bear (Lair:5)
  A wolf spider simulacrum (D:15)
  Grinder (D:3)
  7 harpy skeletons
  A tarantella (Vaults:1)
  11 blink frogs
  A hydra skeleton (Crypt:1)
  9 dream sheep
  A jumping spider (shapeshifter) (D:13)
  28 slime creatures
  6 large abominations
  A dream sheep (shapeshifter) (Elf:3)
  A great orb of eyes zombie (Crypt:2)
  17 spriggans
  A shadow (Abyss:3)
  2 centaur simulacra
  2 fire dragon skeletons
  6 flying skulls (Crypt:1)
  An ice dragon skeleton (Crypt:1)
  10 wraiths
  A spriggan (shapeshifter) (D:15)
  8 small abominations
  2 dire elephant simulacra (IceCv)
  A hog (shapeshifter) (Elf:2)
  5 wyverns
  A tyrant leech zombie (Crypt:2)
  2 air elementals
  8 water elementals
  A golden eye (Vaults:4)
  A ynoxinul (Depths:2)
  3 fire elementals
  2 vampires
  3 ettin skeletons
  2 neqoxecs
  2 redbacks
  A steam dragon (D:9)
  3 swamp worm simulacra (Swamp:4)
  93 yaks
  A black mamba skeleton (Crypt:1)
  16 humans (D:14)
  15 vampire mosquitoes
  13 basilisks
  7 wargs
  A death yak simulacrum (IceCv)
  3 harpy simulacra (IceCv)
  A death drake simulacrum (Swamp:4)
  17 hydra simulacra
  43 nagas
  2 two-headed ogre zombies
  17 swamp worms
  2 acid dragons
  A glowing shapeshifter zombie (Vaults:1)
  14 water moccasins
  A glowing shapeshifter skeleton (D:15)
  A floating eye (shapeshifter) (Depths:2)
  2 hell hounds (Lair:5)
  11 orc warriors
  A swamp dragon zombie (Crypt:2)
  Duvessa (D:6)
  2 ice beasts
  4 sky beasts
  The ghost of Twinkles the Ruffian, an amateur TrGl of Fedhas (D:3)
  2 black bears
  A black bear (shapeshifter) (D:14)
  2 human zombies (Vaults:1)
  4 wolves
  21 centaurs
  3 ogres
  A swamp dragon skeleton (Crypt:1)
  A phantom (D:6)
  2 nameless horrors
  7 kobold brigands
  4 bullfrogs
  2 necrophages
  A scorpion (D:4)
  5 water moccasin zombies (Ossuary)
  An earth elemental (Elf:2)
  A two-headed ogre simulacrum (IceCv)
  4 cane toad simulacra (IceCv)
  32 wights
  A queen bee zombie (Crypt:3)
  Dowan (D:6)
  17 killer bees
  4 elephant simulacra (IceCv)
  A vampire bat (D:5)
  6 howler monkeys
  A polar bear skeleton (Crypt:1)
  A wolf zombie (Crypt:1)
  8 electric eels
  8 hounds
  6 jellies
  A gnoll bouda (D:9)
  33 orc priests
  2 iguanas
  An iron imp (D:5)
  A scorpion zombie (Crypt:3)
  19 orc wizards
  4 spriggan simulacra
  5 hell rats (Lair:5)
  Terence (D:3)
  9 polar bear simulacra (IceCv)
  2 wolf simulacra (IceCv)
  An ice beast zombie (Crypt:2)
  An acid dragon skeleton (Crypt:3)
  2 mummies (Ossuary)
  5 gnolls
  2 river rats
  8 adders
  A naga simulacrum (IceCv)
  7 white imps
  5 ufetubi
  5 swamp drake simulacra (Swamp:4)
  A worm zombie (Crypt:2)
  3 adder zombies (Ossuary)
  A lava snake skeleton (Crypt:2)
  3 worms
  5 dart slugs
  3 fire bats (D:5)
  85 orcs
  2 spectral bats (D:5)
  15 ball pythons
  4 bat skeletons
  A bat zombie (D:5)
  11 endoplasms
  9 giant cockroaches
  14 goblins
  7 hobgoblins
  2 jackals (D:1)
  19 kobolds
  5 quokkas
  15 bats
  A bat simulacrum (D:5)
  3 frilled lizards (D:1)
  A gnoll zombie (Ossuary)
  A goblin zombie (D:4)
  6 hobgoblin zombies (Ossuary)
  4 kobold zombies (Ossuary)
  3 orc zombies (Ossuary)
  2 quokka zombies (D:3)
  8 rats
  A rat zombie (D:4)
  A lurking horror (Abyss:3)
  A starspawn tentacle (Abyss:3)
2040 creatures vanquished.

Vanquished Creatures (collateral kills)
  2 dread liches (Zot:5)
  2 orbs of fire
  6 Killer Klowns (Zot:5)
  Boris (twice) (Depths:2 Zot:5)
  A curse toe (Zot:5)
  2 caustic shrikes (Depths:4)
  3 golden dragons
  4 electric golems
  A Tzitzimitl (Zot:1)
  2 doom hounds (Depths:2)
  20 Orb Guardians (Zot:5)
  5 tentacled monstrosities
  Grunn (Depths:2)
  5 quicksilver dragons
  2 searing wretches (Depths:2)
  4 titans
  A lich (Depths:1)
  A walking frostbound tome (Depths:3)
  2 eldritch tentacles (Zot:5)
  A sphinx (Depths:1)
  An ancient champion (Crypt:3)
  2 death cobs
  A shadow dragon (Depths:4)
  2 draconian monks
  11 storm dragons
  3 fire giants
  A daeva (Depths:2)
  4 draconian scorchers
  5 frost giants
  A ghost moth (Zot:3)
  2 draconian knights
  2 vault wardens (Vaults:4)
  5 draconian shifters
  2 draconian annihilators
  A draconian stormcaller (Zot:3)
  An ironbound preserver (Vaults:4)
  2 spriggan defenders (Depths:3)
  3 reapers
  9 stone giants
  7 very ugly things
  A juggernaut skeleton (Crypt:1)
  An ironbound thunderhulk (Vaults:1)
  5 vampire knights
  8 green draconians
  3 black draconians
  8 yellow draconians
  A deep elf annihilator (Elf:3)
  7 white draconians
  A dire elephant (Vaults:4)
  A spark wasp (Depths:4)
  11 purple draconians
  6 red draconians
  A blizzard demon (Depths:2)
  2 eidola
  A green death (Hell)
  2 ettins (Depths:4)
  4 fire dragons
  A yaktaur captain (Vaults:4)
  A spriggan zombie (Crypt:3)
  4 ice dragons
  2 rakshasas (Depths:2)
  3 spriggan skeletons (Crypt:1)
  2 spriggan air magi
  2 tengu warriors
  2 dancing weapons (Crypt:1)
  A fenstrider witch skeleton (Crypt:1)
  7 deep troll shamans
  2 vampire magi
  4 spriggan berserkers
  2 deep troll earth magi
  2 thrashing horrors (Abyss:3)
  4 hell hogs (Hell)
  5 spriggans
  2 sun demons (Depths:2)
  A soul eater (Depths:2)
  3 iron trolls
  12 skeletal warriors
  A bunyip zombie (Crypt:3)
  An anaconda zombie (Hell)
  22 deep trolls
  A flayed ghost (Depths:2)
  2 glowing orange brains
  A shadow demon (Depths:2)
  A deep elf archer (Elf:2)
  6 wizards
  A swamp dragon (Abyss:3)
  2 phantasmal warriors (Crypt:1)
  An ironbound convoker (Vaults:1)
  2 necromancers
  A sphinx zombie (Depths:3)
  4 orc knights (Vaults:1)
  3 deep elf pyromancers
  6 ugly things
  11 moths of wrath
  A water nymph (shapeshifter) (Depths:4)
  A smoke demon (Depths:2)
  2 vault sentinels
  A rust devil (Depths:2)
  A naga skeleton (Crypt:1)
  A demonic crawler (Hell)
  An orc skeleton (Crypt:3)
  A centaur skeleton (Crypt:1)
  A steelbarb worm zombie (Crypt:1)
  A komodo dragon (shapeshifter) (Zot:5)
  2 yaktaurs (Vaults:4)
  A freezing wraith (Crypt:2)
  An ancient zyme (Abyss:3)
  A harpy zombie (Crypt:3)
  A red devil (Depths:2)
  A minotaur skeleton (Crypt:1)
  A purple draconian skeleton (Crypt:3)
  A hellwing (Depths:2)
  3 hornets
  A hydra skeleton (Crypt:1)
  6 slime creatures
  5 flying skulls (Crypt:1)
  2 wraiths (Crypt:3)
  4 water elementals (Depths:1)
  A neqoxec (Depths:2)
  2 swamp worms (Swamp:4)
  A floating eye (Depths:3)
  A naga simulacrum (Crypt:1)
  2 wights (Crypt:3)
  An elf skeleton (Crypt:3)
  A human skeleton (Crypt:2)
  A black bear skeleton (Crypt:1)
  An ogre zombie (Crypt:3)
  A hound skeleton (Crypt:3)
376 creatures vanquished.

Vanquished Creatures (others)
  41 eldritch tentacles
  A salamander tyrant (Snake:4)
  A dancing weapon (Elf:3)
  A wretched star (Abyss:3)
  2 starcursed masses (Abyss:3)
  A naga (Snake:3)
  A small abomination (Abyss:3)
  12 foxfires
  17 fungi
  56 plants
  2 starspawn tentacles (Abyss:3)
  3 withered plants (D:15)
138 creatures vanquished.

Grand Total: 2554 creatures vanquished

Notes
Turn   | Place    | Note
-------+----------+-------------------------------------------
     0 | D:1      | freelancePsychic the Demonspawn Wanderer began the quest
                  | for the Orb.
     0 | D:1      | freelancePsychic set off with the following items: a +2
                  | dagger, a potion of haste {@q3}, a +0 mace, a +0 buckler, a
                  | scroll of silence, a +0 robe.
     0 | D:1      | Reached XP level 1. HP: 13/13 MP: 1/1
    89 | D:1      | Reached skill level 1 in Short Blades
    95 | D:1      | Gained mutation: Spells you cast may paralyse adjacent
                  | enemies. [demonic ancestry]
    95 | D:1      | Reached XP level 2. HP: 11/20 MP: 2/2
   135 | D:1      | Learned a level 1 spell: Shock
   311 | D:1      | Reached skill level 1 in Fighting
   777 | D:1      | Gained mutation: You sometimes gain a little power by
                  | taking damage. [demonic ancestry]
   777 | D:1      | Reached XP level 3. HP: 23/26 MP: 0/3
  1136 | D:2      | Reached skill level 1 in Conjurations
  1165 | D:2      | Reached skill level 1 in Earth Magic
  1461 | D:2      | Learned a level 1 spell: Sandblast
  2118 | D:3      | Found a runed translucent gate.
  2118 | D:3      | Found a runed translucent gate.
  2118 | D:3      | Found a runed translucent gate.
  2118 | D:3      | Noticed Twinkles's ghost (amateur TrGl)
  2120 | D:3      | Found a basalt altar of Yredelemnul.
  2180 | D:3      | Reached XP level 4. HP: 32/32 MP: 3/5
  2183 | D:3      | Reached skill level 1 in Spellcasting
  2420 | D:3      | Noticed Grinder
  2427 | D:3      | Killed Grinder
  2428 | D:3      | Gained mutation: You have a pair of small antennae on your
                  | head. [demonic ancestry]
  2428 | D:3      | Reached XP level 5. HP: 11/37 MP: 1/8
  2428 | D:3      | Gained mutation: You have a pair of antennae on your head.
                  | [demonic ancestry]
  2428 | D:3      | Reached XP level 6. HP: 13/43 MP: 1/9
  2792 | D:3      | Noticed Sigmund
  2919 | D:3      | Learned a level 3 spell: Stone Arrow
  2957 | D:3      | Noticed Terence
  2970 | D:3      | Killed Terence
  3547 | D:4      | Found a sand-covered staircase.
  3562 | Ossuary  | Entered an ossuary
  3671 | Ossuary  | Gained mutation: You sometimes gain power by taking damage.
                  | [demonic ancestry]
  3671 | Ossuary  | Reached XP level 7. HP: 39/48 MP: 5/11
  3781 | Ossuary  | Reached skill level 5 in Conjurations
  3898 | D:4      | Found a glowing drain.
  3902 | Sewer    | Entered a sewer
  4783 | D:4      | Got the Tome of Frigid Iniquitous Rituals
  4827 | D:4      | Found a shimmering altar of Xom.
  5082 | D:4      | Found Nuesk's Mass Market.
  5138 | D:4      | Gained mutation: Spells you cast may paralyse nearby
                  | enemies. [demonic ancestry]
  5138 | D:4      | Reached XP level 8. HP: 30/57 MP: 7/12
  5584 | D:5      | Entered Level 5 of the Dungeon
  5800 | D:5      | Found a staircase to the Ecumenical Temple.
  5816 | Temple   | Entered the Ecumenical Temple
  5951 | Temple   | Became a worshipper of Ashenzari the Shackled
  6269 | D:5      | Found a snail-covered altar of Cheibriados.
  6708 | D:6      | Noticed Duvessa
  6708 | D:6      | Noticed Dowan
  6823 | D:6      | Killed Duvessa
  6824 | D:6      | Reached skill level 5 in Fighting
  6830 | D:6      | Killed Dowan
  6951 | D:6      | Gained mutation: You have a pair of large antennae on your
                  | head. (SInv) [demonic ancestry]
  6951 | D:6      | Reached XP level 9. HP: 58/68 MP: 3/13
  7886 | D:6      | Found an opulent altar of Gozag.
  8134 | D:7      | Found a blossoming altar of Fedhas.
  8581 | D:7      | Found an iron altar of Okawaru.
  8650 | D:7      | Reached * piety under Ashenzari
  8848 | D:7      | Found a shimmering blue altar of Sif Muna.
  8981 | D:8      | Noticed a two-headed ogre
  9260 | D:8      | Reached XP level 10. HP: 80/80 MP: 4/14
  9670 | D:3      | Killed Twinkles's ghost
  9969 | D:8      | Reached ** piety under Ashenzari
 10132 | D:8      | Learned a level 5 spell: Iskenderun's Battlesphere
 10160 | D:8      | Reached skill level 5 in Stealth
 10630 | D:9      | Found a staircase to the Lair.
 10675 | D:9      | Learned a level 1 spell: Shock
 10684 | D:9      | Reached skill level 10 in Conjurations
 10935 | D:9      | Noticed Joseph
 11016 | D:9      | Killed Joseph
 11332 | D:9      | Reached *** piety under Ashenzari
 11377 | D:9      | Reached skill level 10 in Fighting
 11720 | D:9      | Reached skill level 5 in Short Blades
 11720 | D:9      | Gained mutation: You are powered by pain. [demonic
                  | ancestry]
 11720 | D:9      | Reached XP level 11. HP: 74/95 MP: 5/19
 11722 | D:9      | Reached skill level 1 in Ice Magic
 11722 | D:9      | Reached skill level 1 in Air Magic
 12438 | D:10     | Entered Level 10 of the Dungeon
 12538 | D:10     | Found Xitoxug's Armour Shoppe.
 12539 | D:10     | Found a staircase to the Orcish Mines.
 12540 | D:10     | Found Tauc Lya's Weapon Shoppe.
 12902 | D:10     | Found a radiant altar of Vehumet.
 12938 | D:10     | Reached skill level 5 in Spellcasting
 13005 | D:10     | Identified the +4 ring mail of Vehumet's Hope {Will+ Str+5
                  | Dex-2}
 13152 | D:10     | Found a runed translucent gate.
 13152 | D:10     | Found a runed translucent gate.
 13152 | D:10     | Found a runed translucent gate.
 13157 | D:10     | Noticed a sixfirhy
 13161 | D:10     | Gained mutation: You are dopey. (Int -2) [a neqoxec]
 13163 | D:10     | Lost mutation: You are dopey. (Int -2) [potion of mutation]
 13163 | D:10     | Gained mutation: Your flesh is heat resistant. (rF+)
                  | [potion of mutation]
 13163 | D:10     | Gained mutation: You are strong-willed. (Will+) [potion of
                  | mutation]
 13163 | D:10     | Gained mutation: You are robust. (+10% HP) [potion of
                  | mutation]
 13163 | D:10     | Gained mutation: You are covered in fur. (AC +1) [potion of
                  | mutation]
 13519 | D:10     | Found an opulent altar of Gozag.
 13522 | D:10     | Found a hide-covered altar of Uskayaw.
 13537 | D:10     | Noticed jfcaron's ghost (journeyman GnBr)
 13616 | D:11     | Learned a level 5 spell: Freezing Cloud
 14058 | D:11     | Mutation became permanent: You are robust. (+10% HP)
                  | [demonic ancestry]
 14058 | D:11     | Gained mutation: You are robust. (+10% HP) [demonic
                  | ancestry]
 14058 | D:11     | Reached XP level 12. HP: 108/116 MP: 14/23
 14307 | D:10     | Reached skill level 5 in Air Magic
 14411 | D:10     | Learned a level 5 spell: Irradiate
 14515 | D:11     | Reached skill level 5 in Ice Magic
 14805 | Lair:1   | Entered Level 1 of the Lair of Beasts
 15292 | Lair:1   | Reached **** piety under Ashenzari
 15667 | Lair:2   | Reached skill level 1 in Transmutations
 15869 | Lair:2   | Noticed Maggie
 15876 | Lair:2   | Killed Maggie
 15920 | Lair:2   | Found a staircase to the Swamp.
 16164 | Lair:2   | Found the +8 whip "Snakebite" {venom, curare, rPois}
 16391 | Lair:2   | Reached ***** piety under Ashenzari
 16411 | Lair:2   | Noticed a boulder beetle
 16419 | Lair:2   | Killed a boulder beetle
 16940 | Lair:3   | Noticed an eight-headed hydra
 16944 | Lair:3   | Killed an eight-headed hydra
 16960 | Lair:3   | Gained mutation: You have a somewhat thin skeletal
                  | structure. (Dex +2, Stealth+) [demonic ancestry]
 16960 | Lair:3   | Reached XP level 13. HP: 90/132 MP: 22/27
 17393 | Lair:3   | Found a staircase to the Snake Pit.
 17756 | D:10     | Bought the +5 short sword of the Invisible Scars {spect,
                  | rElec rF+} for 909 gold pieces
 18004 | Lair:4   | Noticed a quicksilver ooze
 18010 | Lair:4   | Killed a quicksilver ooze
 18115 | Lair:4   | Identified the +7 rapier "Haunoveh" {drain, Dex+2}
 18581 | Lair:4   | Reached skill level 1 in Dodging
 19175 | Lair:5   | Entered Level 5 of the Lair of Beasts
 19181 | Lair:5   | Reached skill level 5 in Earth Magic
 20121 | Lair:5   | Gained mutation: Spells you cast and wands you use may
                  | paralyse nearby enemies. [demonic ancestry]
 20121 | Lair:5   | Reached XP level 14. HP: 139/140 MP: 28/28
 20168 | Lair:5   | Learned a level 6 spell: Iron Shot
 20506 | Lair:5   | Reached skill level 5 in Dodging
 20534 | Lair:5   | Found a runed translucent door.
 20535 | Lair:5   | Found a staircase to the Slime Pits.
 20674 | Lair:5   | Noticed Sonja
 20676 | Lair:5   | Killed Sonja
 21494 | Orc:1    | Entered Level 1 of the Orcish Mines
 21668 | Orc:2    | Entered Level 2 of the Orcish Mines
 21945 | Orc:2    | Found a staircase to the Elven Halls.
 21998 | Orc:2    | Noticed Nessos
 22004 | Orc:2    | Killed Nessos
 22290 | Orc:2    | Found Hereh's Book Boutique.
 22418 | Orc:2    | Found Zuocuyka's Antique Armour Emporium.
 22481 | Orc:2    | Bought a heavily jewelled robe for 159 gold pieces
 22481 | Orc:2    | Identified the +1 robe of Mutualism {Fly rElec Will+} (You
                  | bought it in a shop on level 2 of the Orcish Mines)
 22590 | Orc:2    | Found Wyobar's Distillery.
 22678 | Orc:2    | Found Evaqab's Magic Scroll Boutique.
 22711 | Orc:2    | Bought a scroll of fear for 52 gold pieces
 22711 | Orc:2    | Bought a scroll of fog for 52 gold pieces
 22711 | Orc:2    | Bought a scroll of fog for 52 gold pieces
 22711 | Orc:2    | Bought a scroll of teleportation for 39 gold pieces
 22720 | Orc:2    | Bought a potion of heal wounds for 50 gold pieces
 22720 | Orc:2    | Bought 2 potions of magic for 160 gold pieces
 22720 | Orc:2    | Bought a potion of heal wounds for 50 gold pieces
 22720 | Orc:2    | Bought a potion of cancellation for 80 gold pieces
 22720 | Orc:2    | Bought a potion of curing for 30 gold pieces
 22720 | Orc:2    | Bought a potion of brilliance for 40 gold pieces
 23493 | D:12     | Found a frozen archway.
 23686 | IceCv    | Entered an ice cave
 24255 | IceCv    | Found an ancient bone altar of Kikubaaqudgha.
 24925 | IceCv    | Reached XP level 15. HP: 132/147 MP: 11/29
 25075 | IceCv    | Identified the ring of Meongad {rF+ rN+ rCorr MP+9 SInv}
 26012 | D:12     | Noticed Urug
 26019 | D:12     | Killed Urug
 26365 | D:13     | Found a runed translucent door.
 26425 | D:13     | Found a runed translucent door.
 26453 | D:13     | Found a runed translucent door.
 26468 | D:13     | Found a runed translucent door.
 27752 | D:14     | Reached skill level 10 in Dodging
 27876 | D:14     | Noticed Josephine
 27942 | D:14     | Found a gate to the Vaults.
 28230 | D:14     | Killed Josephine
 28476 | D:15     | Entered Level 15 of the Dungeon
 28925 | D:15     | Reached skill level 10 in Earth Magic
 29006 | D:15     | Identified the Meditations on Ashen Guile
 29020 | D:15     | Found a staircase to the Depths.
 29711 | D:12     | Reached ****** piety under Ashenzari
 29937 | D:15     | Gained mutation: You have a moderately thin skeletal
                  | structure. (Dex +4, Stealth++) [demonic ancestry]
 29937 | D:15     | Reached XP level 16. HP: 155/155 MP: 18/30
 30128 | D:15     | Reached skill level 1 in Necromancy
 30410 | Snake:1  | Entered Level 1 of the Snake Pit
 31079 | Snake:1  | Learned a level 5 spell: Borgnjor's Vile Clutch
 31640 | Snake:1  | Found Xisamuc's Distillery.
 32457 | Snake:2  | Reached skill level 10 in Stealth
 33436 | Snake:3  | Reached skill level 5 in Necromancy
 34272 | Snake:3  | Reached skill level 5 in Armour
 34794 | Snake:3  | Noticed Aizul
 34798 | Snake:3  | Reached XP level 17. HP: 166/166 MP: 18/32
 34804 | Snake:3  | Killed Aizul
 35309 | Snake:4  | Entered Level 4 of the Snake Pit
 35822 | Snake:4  | Reached skill level 5 in Shields
 37027 | Snake:4  | Reached skill level 15 in Fighting
 37330 | Snake:4  | Got a serpentine rune of Zot
 38034 | Snake:4  | Found a broken altar of Ashenzari.
 38038 | Snake:4  | Identified the +4 kite shield of Buurghiwn {Str+5 Dex+4
                  | Slay-2}
 38038 | Snake:4  | Noticed Asterion
 38085 | Snake:4  | Reached skill level 15 in Dodging
 38877 | Swamp:1  | Entered Level 1 of the Swamp
 39240 | Swamp:1  | Reached skill level 1 in Summonings
 39351 | Swamp:1  | Reached skill level 2 in Summonings
 39356 | Swamp:1  | Reached XP level 18. HP: 97/173 MP: 6/33
 39638 | Swamp:1  | Learned a level 7 spell: Spellforged Servitor
 39695 | Swamp:1  | Reached skill level 3 in Summonings
 39962 | Swamp:2  | Noticed Frances
 39988 | Swamp:2  | Killed Frances
 39989 | Swamp:2  | Reached skill level 4 in Summonings
 40580 | Swamp:2  | Noticed Louise
 40593 | Swamp:2  | Reached skill level 5 in Summonings
 40597 | Swamp:2  | Killed Louise
 41155 | Swamp:3  | Reached skill level 6 in Summonings
 41243 | Swamp:3  | Learned a level 4 spell: Dispel Undead
 41753 | Swamp:4  | Entered Level 4 of the Swamp
 41791 | Swamp:4  | Reached skill level 10 in Shields
 41792 | Swamp:4  | Reached skill level 7 in Summonings
 42235 | Swamp:4  | Identified the +5 war axe of Luylir {pain, rF+}
 42286 | Swamp:4  | Found a transporter.
 42289 | Swamp:4  | Noticed ryw's ghost (adept DsMo)
 42289 | Swamp:4  | Identified the +7 spear of the Heavens {freeze, rPois rF-
                  | rN+ SInv}
 42434 | Swamp:4  | Found a transporter.
 42632 | Swamp:4  | Reached skill level 8 in Summonings
 42737 | Swamp:4  | Got a decaying rune of Zot
 42990 | Swamp:4  | Killed ryw's ghost
 43388 | Elf:1    | Entered Level 1 of the Elven Halls
 43388 | Elf:1    | Identified the ring of Gorchou {rF+ Slay+4}
 43388 | Elf:1    | Found a runed translucent gate.
 43388 | Elf:1    | Found a runed translucent gate.
 43388 | Elf:1    | Found a runed translucent gate.
 43388 | Elf:1    | Found a runed translucent gate.
 43388 | Elf:1    | Found a runed translucent gate.
 43388 | Elf:1    | Found a runed translucent gate.
 43389 | Elf:1    | Found a runed translucent door.
 43515 | Elf:1    | Found a runed translucent door.
 43678 | Elf:1    | Found a runed translucent gate.
 43679 | Elf:1    | Noticed a tentacled monstrosity
 43804 | Elf:1    | Found Gicush's Weapon Shop.
 43820 | Elf:1    | Paralysed by an air elemental for 1 turns
 43881 | Elf:1    | Reached skill level 9 in Summonings
 43881 | Elf:1    | Reached XP level 19. HP: 181/183 MP: 13/34
 44050 | Elf:1    | Identified the Quarto of the Escort
 44285 | Elf:1    | Found a runed translucent gate.
 44285 | Elf:1    | Found a runed translucent gate.
 44514 | Elf:2    | Paralysed by an air elemental for 1 turns
 44521 | Elf:2    | Paralysed by an air elemental for 1 turns
 45557 | Elf:2    | Found a runed translucent gate.
 45558 | Elf:2    | Found a runed translucent gate.
 45558 | Elf:2    | Found a runed translucent gate.
 45598 | Elf:3    | Entered Level 3 of the Elven Halls
 45653 | Elf:3    | Noticed Bai Suzhen
 45662 | Elf:3    | Killed Bai Suzhen
 45887 | Elf:3    | Identified the +12 lajatang of Kobyl {heavy, Dex+2 Stlth+}
 45892 | Abyss:3  | Cast into level 3 of the Abyss (a deep elf demonologist)
 45935 | Elf:3    | Escaped the Abyss
 46214 | Elf:3    | Identified the ring "Kufeaj" {rC+ Str+6 Stlth+}
 46214 | Elf:3    | Identified the +5 battleaxe of Zionaob {vamp, rPois Int+4}
 46214 | Elf:3    | Identified the ring "Taarudon" {rF+ rC+ rN++ Int-4}
 46220 | Elf:3    | Identified the +8 mace of Bebairchu {venom, rN+ Will+}
 46276 | Elf:3    | Identified a scroll of acquirement
 46326 | Elf:3    | Acquired 830 gold pieces
 46846 | Elf:3    | Identified the +3 spear of Okkag {flame, rF+ Str+2 Int+3}
 46945 | Elf:3    | Identified the +1 helmet "Xileaw" {Will+ Dex+3}
 46945 | Elf:3    | Identified the Reference Book on Macabre Enchantment
 46945 | Elf:3    | Identified the +3 shortbow "Fattomigra" {flame, rC+}
 47874 | Vaults:1 | Entered Level 1 of the Vaults
 48120 | Vaults:1 | Reached XP level 20. HP: 189/191 MP: 30/35
 48125 | Vaults:1 | Reached skill level 10 in Summonings
 48432 | Vaults:1 | Noticed Zenata
 48939 | Vaults:1 | Reached skill level 11 in Summonings
 49603 | Vaults:2 | Reached skill level 12 in Summonings
 50262 | Vaults:2 | Reached skill level 13 in Summonings
 50586 | Vaults:2 | Found a staircase to the Crypt.
 50586 | Vaults:2 | Found an ancient bone altar of Kikubaaqudgha.
 50587 | Vaults:2 | Found a basalt altar of Yredelemnul.
 51028 | Vaults:2 | Identified the +0 robe of the Old World {Rampage +Inv}
 51264 | Vaults:2 | Found Gaethroc's General Store.
 51750 | Vaults:3 | Reached skill level 14 in Summonings
 51860 | Vaults:3 | Reached skill level 1 in Translocations
 51996 | Vaults:2 | Bought a Grand Grimoire for 646 gold pieces
 52004 | Vaults:2 | Learned a level 7 spell: Malign Gateway
 52096 | Vaults:3 | Reached XP level 21. HP: 190/198 MP: 31/36
 52701 | Abyss:3  | Cast into level 3 of the Abyss (a wizard)
 52830 | Abyss:3  | Got an abyssal rune of Zot
 53130 | Vaults:3 | Escaped the Abyss
 53153 | Vaults:3 | Reached skill level 15 in Summonings
 54371 | Vaults:4 | Found a runed translucent door.
 54371 | Vaults:4 | Identified the +5 mace of Poverty {chaos, rF++ rCorr}
 54371 | Vaults:4 | Noticed Viffuud's ghost (master GrBe)
 54382 | Vaults:4 | Killed Viffuud's ghost
 55344 | Vaults:4 | Reached skill level 16 in Summonings
 56007 | Depths:1 | Entered Level 1 of the Depths
 56643 | Crypt:1  | Entered Level 1 of the Crypt
 56734 | Crypt:1  | Gained mutation: You are very robust. (+20% HP) [demonic
                  | ancestry]
 56734 | Crypt:1  | Reached XP level 22. HP: 153/225 MP: 4/39
 57185 | Crypt:1  | Reached skill level 17 in Summonings
 57866 | Crypt:1  | Learned a level 9 spell: Dragon's Call
 57901 | Crypt:1  | Identified the +6 eveningstar "Gysuxu" {heavy, Dex+4}
 57917 | Crypt:1  | Reached skill level 10 in Spellcasting
 58740 | Crypt:1  | Reached skill level 18 in Summonings
 59313 | Crypt:2  | Noticed Boris
 59319 | Crypt:2  | Killed Boris
 59485 | Crypt:2  | Identified the +0 robe "Sebb" {rPois Str+2 Int+2}
 60127 | Crypt:3  | Entered Level 3 of the Crypt
 60138 | Crypt:3  | Reached skill level 19 in Summonings
 60657 | Crypt:3  | Found a staircase to the Tomb.
 61003 | Crypt:3  | Reached skill level 20 in Summonings
 61721 | Crypt:3  | Found a basalt altar of Yredelemnul.
 61982 | Crypt:3  | Reached XP level 23. HP: 208/232 MP: 31/41
 62875 | Depths:1 | Reached skill level 21 in Summonings
 62941 | Depths:1 | Found a sparkling altar of Nemelex Xobeh.
 63613 | Depths:1 | Found a gateway to Hell.
 63914 | Depths:2 | Found a transporter.
 63916 | Depths:2 | Identified the +1 scale mail "Kaycsoq" {rF+}
 63916 | Depths:2 | Identified the ring of Baneer {rF+ EV+5}
 63922 | Depths:2 | Identified the ring "Laorph" {rPois rN+}
 64069 | Depths:2 | Reached skill level 22 in Summonings
 64074 | Hell     | Entered the Vestibule of Hell
 64074 | Hell     | Noticed Geryon
 64291 | Hell     | Noticed Murray
 64606 | Depths:2 | Noticed Grunn
 64612 | Depths:2 | Killed Grunn
 64917 | Depths:2 | Found a runed translucent door.
 65281 | Depths:2 | Noticed Boris
 65291 | Depths:2 | Killed Boris
 65383 | Depths:2 | Found a transporter.
 65684 | Depths:2 | Found a one-way gate leading to the halls of Pandemonium.
 65864 | Depths:2 | Found a large runed translucent door.
 65865 | Depths:2 | Found a large runed translucent door.
 65915 | Depths:2 | Noticed Caat Rau's ghost (adept DgCj)
 66169 | Depths:2 | Killed Caat Rau's ghost
 66231 | Depths:3 | Noticed the Enchantress
 66237 | Depths:3 | Paralysed by a floating eye for 3 turns
 66245 | Depths:3 | Killed the Enchantress
 66965 | Depths:3 | Found Muneel's Armour Boutique.
 67221 | Depths:3 | Gained mutation: You have an unnaturally thin skeletal
                  | structure. (Dex +6, Stealth+++) [demonic ancestry]
 67221 | Depths:3 | Reached XP level 24. HP: 222/243 MP: 28/42
 67720 | Depths:3 | Found the +2 cloak of the Thief {*Fog Slay-2 SInv Stlth+}
 68281 | Depths:3 | Found a one-way gate to the infinite horrors of the Abyss.
 68941 | Depths:4 | Entered Level 4 of the Depths
 69010 | Depths:4 | Found a gate to the Realm of Zot.
 69011 | Depths:4 | Noticed Boris
 69021 | Depths:4 | Killed Boris
 69059 | Depths:4 | Reached skill level 10 in Armour
 70368 | Depths:4 | Found a one-way gateway to a ziggurat.
 70721 | Zot:1    | Entered Level 1 of the Realm of Zot
 71615 | Zot:2    | Reached XP level 25. HP: 240/256 MP: 29/44
 72800 | Zot:3    | Noticed an orb of fire
 72806 | Zot:3    | Killed an orb of fire
 72807 | Zot:3    | Reached skill level 15 in Shields
 75143 | Zot:5    | Entered Level 5 of the Realm of Zot
 75527 | Zot:5    | Noticed a dread lich
 75528 | Zot:5    | Noticed a dread lich
 75533 | Zot:5    | Killed a dread lich
 75535 | Zot:5    | Killed a dread lich
 75551 | Zot:5    | Noticed a Killer Klown
 75558 | Zot:5    | Killed a Killer Klown
 75561 | Zot:5    | Noticed an orb of fire
 75561 | Zot:5    | Noticed a Killer Klown
 75568 | Zot:5    | Killed an orb of fire
 75568 | Zot:5    | Killed a Killer Klown
 75569 | Zot:5    | Noticed a Killer Klown
 75573 | Zot:5    | Killed a Killer Klown
 75578 | Zot:5    | Noticed a Killer Klown
 75585 | Zot:5    | Killed a Killer Klown
 75586 | Zot:5    | Noticed a Killer Klown
 75586 | Zot:5    | Noticed a dread lich
 75597 | Zot:5    | Killed a Killer Klown
 75600 | Zot:5    | Killed a dread lich
 75601 | Zot:5    | Gained mutation: You are extremely robust. (+30% HP)
                  | [demonic ancestry]
 75601 | Zot:5    | Reached XP level 26. HP: 216/288 MP: 41/45
 76047 | Zot:5    | Noticed an orb of fire
 76063 | Zot:5    | Killed an orb of fire
 76222 | Zot:5    | Got the Orb of Zot
 76238 | Zot:5    | Noticed Boris
 76242 | Zot:5    | Killed Boris
 76279 | Zot:5    | Gained mutation: You are occasionally teleported next to
                  | monsters. [a neqoxec]
 76507 | D:14     | Noticed Logex the pandemonium lord
 76658 | D:5      | Noticed Piamae the pandemonium lord
 76764 | D:$      | Escaped with the Orb!

Illustrated notes

Levels and vault maps discovered:
D:1:      giann_forest_graveyard, layout_loops_ring
D:2:      layout_basic
D:3:      minmay_evil_eye, layout_loops_ring, nicolae_yredelemnul_ghost_church,
          grunt_ministairs_5, minivault_5, columned_hall_lemuel,
          minmay_ogre_servants, uniq_grinder, uniq_terence, uniq_sigmund
D:4:      layout_basic, xom_confusion_cloud, gup_sewer_entry_spiral,
          enter_ossuary_3, minmay_shop_mass, grunt_decor_resistance
D:5:      layout_rooms, slow_altar_2, kennysheep_little_box, temple_fountains,
          goddamned_bats
D:6:      layout_rooms, mainiacjoe_overflow_alcove_2, uniq_duvessa
D:7:      layout_loops_ring, kennysheep_mini, kennysheep_mini_moat,
          gammafunk_temple_overflow_pools
D:8:      layout_loops_cross, minmay_manual_mares
D:9:      layout_grid_maze, erik_lair_island, minmay_diced_spiral, uniq_joseph
D:10:     layout_rooms, nicolae_vehumet_altar_sigil, nicolae_uskayaw_dance_hall,
          orc_david_3, ebering_ghost_gozag
D:11:     layout_basic, special_room [special_room_bee]
D:12:     layout_cave_pools, serial_ice, serial_ice_h, serial_ice_c,
          serial_ice_f, serial_ice_k, portal_ice_cave_demonic_guard, uniq_urug
D:13:     layout_basic, minmay_statue_crystal_thing
D:14:     layout_cross, david_vaults_3, serial_bayou, serial_bayou_ford_a,
          serial_bayou_lagoon_b, serial_bayou_lake_a,
          chequers_serial_rivers_micro_b, uniq_josephine
D:15:     gammafunk_depths_entry_grave, layout_loops_ring,
          dreamdust_princess_corridor
Temple:   jpeg_temple_clearing
Lair:1:   layout_regular_city, grunt_megastairs_2, lemuel_fruit_tree,
          infiniplex_staircase_pool_2, serial_bayou_shore_b
Lair:2:   minmay_guarded_unrand_snakebite, layout_cave_pods,
          skrybe_swamp_entry_bodies, nzn_sisyphean_effort, uniq_maggie
Lair:3:   layout_regular_city, minmay_snake_entry_guardpost_medium
Lair:4:   layout_gridlike, nicolae_lair_time_for_slime
Lair:5:   evilmike_catoblepas_cave, layout_gridlike, slime_entry_2, special_room
          [special_room_mythical_zoo], dreamdust_deal_with_the_devil,
          grunt_megastairs_1, uniq_sonja
Swamp:1:  layout_basic_swamp, serial_swamp_ruin, evilmike_swamp_ruin_house_6,
          evilmike_swamp_ruin_house_3, evilmike_swamp_ruin_rubble_1,
          swamp_pool1, hangedman_swamp_wriggling
Swamp:2:  nicolae_swamp_ascending_descending, layout_falls_marsh,
          nicolae_swamp_bean_lake, uniq_louise, uniq_frances
Swamp:3:  layout_basic_swamp, evilmike_swamp_ruin_house_4
Swamp:4:  swamp_icy, layout_basic_swamp, gammafunk_ghost_mausoleum, swamp_pool1
Snake:1:  layout_chambers, minmay_shop_star
Snake:2:  layout_grid_maze, serial_bayou_shore_b
Snake:3:  layout_misc_corridors, fake_guardian_serpent_vault,
          grunt_megastairs_3, uniq_aizul
Snake:4:  snake_pit, layout_basic, lemuel_altar_in_water2, nicolae_snake_shapes,
          uniq_asterion
Orc:1:    layout_caves
Orc:2:    st_orc_town, layout_caves, uniq_nessos
Elf:1:    nicolae_elf_arrival_dilemma, layout_gridlike, serial_shops,
          nicolae_shop_temple_entry_statues_fountains,
          ploomutoo_gammafunk_ghost_potion_laboratory, minmay_elf_demonology,
          amethyst_killhole
Elf:2:    nicolae_elf_blades_crystal_corner, layout_geoelf_octagon, uniq_agnes
Elf:3:    grunt_elf_hall_spiral, layout_loops_ring, minivault_19,
          uniq_bai_suzhen
Vaults:1: vaults_room_pools, nicolae_vaults_little_squares_4,
          ontoclasm_vaults_decontamination, nicolae_vaults_stairing_the_circle,
          nicolae_vaults_specimen_jars, v_pattern_1, hangedman_vaults_corner,
          vaults_room_stairs_pillars, hangedman_vaults_stretched_pinwheel,
          ontoclasm_vaults_fault, nicolae_vaults_angled_halls,
          nicolae_vaults_triangles, nicolae_vaults_network_star,
          layout_vaults_maze_bifur, uniq_zenata
Vaults:2: nicolae_vaults_ninety_degrees, hangedman_vaults_stream,
          vaults_room_grid, vaults_dpeg_spiral, ontoclasm_vaults_loading_screen,
          v_misc_26, ontoclasm_vaults_tryst, vaults_room_octagon, v_misc_23,
          nicolae_vaults_little_squares_3, ontoclasm_vaults_twist,
          nicolae_vaults_theta, minmay_crypt_entry_necro_gods,
          nicolae_vaults_little_squares_1, layout_vaults_omnibox, serial_shops,
          shop
Vaults:3: ontoclasm_vaults_pinch, v_misc_8, nicolae_vaults_network_square,
          ontoclasm_vaults_ring_large, st_octagons_2, dpeg_vaults_monster_box,
          ontoclasm_vaults_chip, nicolae_vaults_little_squares_6,
          layout_vaults_omnigrid
Vaults:4: gammafunk_ghost_grave, v_rooms_5, vaults_standard_mumra_x, v_misc_3,
          vaults_room_hangedman_quadrants, vaults_room_octagon,
          nicolae_vaults_hallways_thing, ontoclasm_vaults_ring_large,
          nicolae_vaults_rhombus_5, grunt_vaults_trifunnel, vaults_room_pool,
          nicolae_vaults_little_squares_5, hangedman_vaults_impose,
          vaults_mumra_hex, layout_vaults_big_cross
Crypt:1:  minmay_skeleton_keep, layout_regular_city, nicolae_danse_macabre
Crypt:2:  layout_chaotic_city, moated_statue, uniq_boris
Crypt:3:  due_elkab, layout_chaotic_city, basic_altar
Depths:1: layout_long_grid, nemelex_xobeh_ov_fountains_minmay, hell_entry,
          laboratory, serial_bayou_shore_a
Depths:2: gammafunk_dig_for_victory, layout_cave_pools,
          ebering_ghost_disaster_area, grunt_mini_vestibule,
          grunt_pan_entry_sceptre, lemuel_angel_altar, uniq_grunn
Depths:3: minmay_the_grid_octo_tiled_squarecenter_mashed
          [minmay_the_grid_octo_pinwheel, minmay_the_grid_octo_horde,
          minmay_the_grid_octo_focus, minmay_the_grid_octo_fan_narrow,
          minmay_the_grid_square_5x5_megaprize_crossed,
          minmay_the_grid_square_5x5_lines, minmay_the_grid_square_5x5_shrine1,
          minmay_the_grid_square_5x5_seven,
          minmay_the_grid_square_5x5_shuriken], layout_gridlike, serial_shops,
          shop, nicolae_abyss_entry_one_way_or_another, hell_entry,
          hangedman_decor_growths, uniq_enchantress
Depths:4: grunt_zot_entry_funnels, layout_honeycomb, enter_ziggurat_e,
          hellmonk_bongcloud_opening, hell_entry
Hell
Zot:1:    layout_twisted_circle, st_stairs_4, lemuel_golem_globe
Zot:2:    layout_cathedral_of_symmetry, skrybe_zot_glass_1
Zot:3:    layout_gridlike
Zot:4:    minmay_elemental_castle, layout_concentric_octagons, lemuel_elevator
Zot:5:    layout_basic

Skill      XL: |  1  2  3  4  5  6  7  8  9 10 11 12 13 14 15 16 17 18 19 20 21 22 23 24 25 26 |
---------------+-------------------------------------------------------------------------------+-----
Short Blades   | 1 3 5 6 7 |  7.6
Fighting       | 1 2 5 7 10 12 13 14 15 16 17 | 17.3
Conjurations   | 1 3 4 5 7 9 10 11 12 14 | 14.6
Earth Magic    | 1 2 3 4 6 8 10 | 10.0
Spellcasting   | 2 3 4 5 7 9 10 11 14 | 14.1
Shields        | 3 8 11 12 13 18 19 | 19.9
Stealth        | 4 5 6 9 10 | 10.0
Ice Magic      | 4 6 |  6.5
Air Magic      | 4 6 |  6.0
Transmutations | 4 |  4.2
Dodging        | 4 7 11 13 15 16 17 | 17.5
Necromancy     | 6 7 |  7.8
Armour         | 5 6 8 10 | 10.6
Summonings     | 2 9 14 16 20 22 | 22.3
Translocations | 1 4 |  4.8
Maces & Flails | |  1.7

Action                   |  1- 3 |  4- 6 |  7- 9 | 10-12 | 13-15 | 16-18 | 19-21 | 22-24 | 25-27 || total
-------------------------+-------+-------+-------+-------+-------+-------+-------+-------+-------++-------
Melee: Dagger            |    83 |    53 |   206 |   229 |    10 |       |       |       |       ||   581
       Punch             |       |     1 |       |       |       |       |       |       |       ||     1
       Short sword       |       |       |       |       |   508 |   753 |  1042 |  1141 |   165 ||  3609
 Cast: Shock             |    14 |       |       |   152 |    13 |       |       |       |       ||   179
       Sandblast         |    14 |    29 |    49 |     1 |       |       |       |       |       ||    93
       Stone Arrow       |       |       |    64 |    70 |    28 |       |       |       |       ||   162
       Iskenderun's Batt |       |       |       |    42 |     7 |       |       |       |       ||    49
       Freezing Cloud    |       |       |       |     6 |    76 |    67 |    40 |       |       ||   189
       Irradiate         |       |       |       |     5 |    44 |    50 |    46 |    27 |    14 ||   186
       Iron Shot         |       |       |       |       |   133 |   136 |    89 |    46 |    29 ||   433
       Borgnjor's Vile C |       |       |       |       |       |    53 |    59 |    16 |    10 ||   138
       Dispel Undead     |       |       |       |       |       |    27 |    19 |   211 |     4 ||   261
       Spellforged Servi |       |       |       |       |       |     4 |    16 |     5 |     3 ||    28
       Malign Gateway    |       |       |       |       |       |       |     8 |    27 |     9 ||    44
       Dragon's Call     |       |       |       |       |       |       |       |    33 |    17 ||    50
Invok: Curse Item        |       |       |     2 |     5 |     3 |     3 |     1 |       |       ||    14
       Shatter the Chain |       |       |       |       |     1 |     3 |     1 |       |       ||     5
Evoke: Wand              |       |     2 |     4 |     2 |     7 |     1 |       |     1 |       ||    17
  Use: Scroll            |       |     9 |     8 |     6 |     5 |     3 |     4 |     7 |    11 ||    53
       Potion            |       |       |     5 |     3 |     4 |       |    13 |     9 |    15 ||    49
 Stab: Sleeping          |    10 |     5 |    16 |    13 |    13 |    50 |    51 |    49 |    12 ||   219
       Paralysed         |    10 |    15 |    48 |    88 |    32 |    54 |    64 |    48 |     5 ||   364
       Distracted        |     1 |       |       |       |    11 |    23 |    32 |    55 |     8 ||   130
       Invisible         |       |       |       |       |       |       |     2 |     1 |       ||     3
Armor: Robe              |    14 |    15 |    54 |       |       |       |       |       |       ||    83
       Leather armour    |       |       |    26 |    84 |   111 |   183 |   175 |   196 |    42 ||   817
Dodge: Dodged            |    35 |    36 |   128 |   125 |   221 |   406 |   554 |   673 |   136 ||  2314
Block: Buckler           |     8 |       |    53 |    93 |   153 |   112 |       |       |       ||   419
       Kite shield       |       |       |       |       |       |   199 |   720 |   841 |   129 ||  1889

Table legend: (Time is in decaauts)
 A = Elapsed time spent in this place.
 B = Non-inter-level travel time spent in this place.
 C = Inter-level travel time spent in this place.
 D = Time resting spent in this place.
 E = Time spent auto-exploring this place.
 F = Levels seen in this place.
 G = Mean time per level.
                   A        B        C        D        E       F      G
               +--------+--------+--------+--------+--------+-----+--------+
         Total |  75468 |  70882 |   4586 |   4843 |  52197 |  56 | 1347.6 |
       Dungeon |  20393 |  18407 |   1986 |   1728 |  13540 |  15 | 1359.5 |
        Temple |    151 |    134 |     17 |      0 |    121 |   1 |  151.0 |
          Lair |   6429 |   5825 |    604 |      0 |   4866 |   5 | 1285.8 |
         Swamp |   4227 |   4072 |    155 |      0 |   3210 |   4 | 1056.8 |
     Snake Pit |   8259 |   8028 |    231 |   1147 |   5397 |   4 | 2064.8 |
  Orcish Mines |   2020 |   1792 |    228 |    100 |   1458 |   2 | 1010.0 |
   Elven Halls |   4211 |   4030 |    181 |    635 |   2612 |   3 | 1403.7 |
        Vaults |   7669 |   6975 |    694 |    151 |   5536 |   4 | 1917.2 |
         Crypt |   5704 |   5524 |    180 |      0 |   4161 |   3 | 1901.3 |
        Depths |   7922 |   7807 |    115 |    414 |   5902 |   4 | 1980.5 |
          Hell |     22 |     22 |      0 |      0 |      0 |   1 |   22.0 |
           Zot |   5561 |   5371 |    190 |    422 |   3794 |   5 | 1112.2 |
         Abyss |    439 |    439 |      0 |     27 |    149 |   2 |  219.5 |
         Sewer |    550 |    550 |      0 |      0 |    385 |   1 |  550.0 |
       Ossuary |    261 |    261 |      0 |     62 |     31 |   1 |  261.0 |
      Ice Cave |   1643 |   1643 |      0 |    157 |   1033 |   1 | 1643.0 |
               +--------+--------+--------+--------+--------+-----+--------+

Top non-repeatable levels by time:
Depths:2: 2895 daAuts
 Snake:4: 2688 daAuts
 Crypt:1: 2323 daAuts
 Crypt:3: 2308 daAuts
Depths:3: 2296 daAuts
 Snake:3: 2239 daAuts
Vaults:2: 2152 daAuts
     D:9: 1920 daAuts
Vaults:3: 1904 daAuts
Vaults:4: 1836 daAuts
 Snake:1: 1826 daAuts
Vaults:1: 1776 daAuts
  Lair:5: 1764 daAuts
     D:3: 1758 daAuts
Depths:4: 1749 daAuts
